 Dungeon Crawl Stone Soup version 0.31-a0-188-g5e087ee2ca (webtiles) character file.

Game seed: 13297212393407025598

114 qw the Skirmisher (level 4, -1/25 HPs)
             Began as a Deep Elf Hunter on June 22, 2023.
             Slain by an orc
             ... wielding a +0 whip
              (4 damage)
             ... on level 3 of the Dungeon.
             The game lasted 00:00:58 (2008 turns).

qw the Skirmisher (Deep Elf Hunter)                 Turns: 2008, Time: 00:00:58

Health: -1/25      AC: 12    Str: 10    XL:     4   Next: 66%
Magic:  6/6        EV: 11    Int: 14    God:
Gold:   189        SH:  0    Dex: 21    Spells: 3/3 levels left

rFire   + . .        Y - +1 shortbow
rCold   . . .        (shield currently unavailable)
rNeg    . . .        l - +5 ring mail of the Evening Star {rF+ Dex+3 Stlth-}
rPois   .            (no helmet)
rElec   .            (no cloak)
rCorr   .            d - +0 pair of gloves
SInv    .            g - +0 pair of boots
Will    .....        (no amulet) Stlth
                     (no ring)
HPRegen 0.24/turn    (no ring)
MPRegen 0.10/turn

%: no passive effects
@: brilliant
A: no striking features
a: no special abilities


You were on level 3 of the Dungeon.
You visited 1 branch of the dungeon, and saw 4 of its levels.

You collected 189 gold pieces.


   Skills:
 - Level 1.5 Fighting
 + Level 8.1 Ranged Weapons
 - Level 2.4 Dodging
 - Level 1.2 Stealth


You had 3 spell levels left.
You didn't know any spells.
Your spell library was empty.

Inventory:

Hand Weapons
 Y - a +1 shortbow (weapon)
Armour
 d - a +0 pair of gloves (worn)
 g - a +0 pair of boots (worn)
 l - the +5 ring mail of the Evening Star (worn) {rF+ Dex+3 Stlth-}
   (You found it on level 3 of the Dungeon)

   Dex:       It affects your dexterity (+3).
   rF:        It protects you from fire.
   Stlth:     It makes you less stealthy.
Scrolls
 e - a scroll of identify
Potions
 b - a potion of attraction {unknown}
 i - a potion of lignification {unknown}
 j - a potion of haste
 k - a potion of heal wounds {unknown}
 m - a potion of berserk rage {unknown}
 n - a potion of enlightenment {unknown}

Dungeon Overview and Level Annotations

Branches:
Dungeon (4/15)
 Temple: D:4-7

Altars:


Message History

You shoot an arrow. The arrow hits the orc.
The orc is heavily wounded.
The orc wizard gestures at you while chanting.
You are confused.
1998 ||| STAIRDANCE The orc hits you but does no damage.
The orc wizard casts a spell at you. The puff of flame hits you. You resist.
In your confused state, you trip and fall back down the stairs.
The orc hits you with a +0 dagger.
2000 ||| STAIRDANCE The orc barely misses you.
The orc hits you with a +0 dagger. The orc hits you with a +0 hand axe.
In your confused state, you trip and fall back down the stairs.
The orc hits you but does no damage. The orc closely misses you.
2002 ||| STAIRDANCE The orc hits you with a +0 dagger.
The orc barely misses you. The orc hits you but does no damage.
The orc wizard casts a spell.
The orc wizard flickers and vanishes!
Deactivating autopickup; reactivate with Ctrl-A.
In your confused state, you trip and fall back down the stairs.
The orc hits you but does no damage. The orc hits you with a +0 dagger.
The orc hits you but does no damage. The orc closely misses you.
Autopickup is now on.
You feel less confused. The orc hits you but does no damage.
The orc misses you. The orc closely misses you. x2
2005 ||| STAIRDANCE The orc hits you with a +0 dagger.
The orc hits you but does no damage. The orc barely misses you.
You climb upwards.
There is a stone staircase leading down here.
You shoot an arrow. The arrow barely misses the orc.
The arrow hits the orc.
The orc is moderately wounded.
The orc hits you with a +0 whip. The orc closely misses you.
You shoot an arrow.
The arrow hits the orc but does no damage.
The orc hits you with a +0 whip.
You die...

#.# ####### #.#
#####...... #.#
#...#.#####
#.######.#...#
#.....#.....##
#.......###.# ###
#o###.#.###.####..
#o# #.##..........
#@# #.####.....#.#
#o###.# #..##.#.#
#o#...# #..##.#.#
#.#.### #........
#.#.# #.###....
#.#.# #.# ###.#
#.#.######.#####.#
#.#.##...........#
#.#...............


You could see 4 orcs.

Vanquished Creatures
  3 adders
  A worm (D:2)
  3 dart slugs (D:1)
  4 endoplasms
  4 giant cockroaches
  9 hobgoblins
  2 jackals (D:1)
  4 quokkas
  7 ball pythons
  5 bats
  A frilled lizard (D:3)
  9 goblins
  12 kobolds
  9 rats
73 creatures vanquished.

Notes
Turn   | Place    | Note
-------+----------+-------------------------------------------
     0 | D:1      | qw the Deep Elf Hunter began the quest for the Orb.
     0 | D:1      | Reached XP level 1. HP: 12/12 MP: 3/3
     0 | D:1      | 0 ||| qw: Version: 0.3-a-9-g12657ce
     0 | D:1      | 0 ||| qw: Game counter: 2836
     0 | D:1      | 0 ||| qw: Always use a shield: true
     0 | D:1      | 0 ||| qw: God list: Okawaru
     0 | D:1      | 0 ||| qw: Allow faded altars: false
     0 | D:1      | 0 ||| qw: Do Orc after D:15 true
     0 | D:1      | 0 ||| qw: Do second Lair branch before Depths: true
     0 | D:1      | 0 ||| qw: Lair rune preference: random
     0 | D:1      | 0 ||| qw: Plans: Normal
     0 | D:1      | 0 ||| PLANNING D:1-11
   176 | D:1      | Reached skill level 6 in Ranged Weapons
   176 | D:1      | Reached XP level 2. HP: 16/16 MP: 4/4
   473 | D:1      | Reached XP level 3. HP: 20/20 MP: 5/5
   599 | D:1      | 599 ||| UPGRADING to +0 pair of gloves.
   604 | D:1      | 604 ||| UPGRADING to +0 pair of boots.
   609 | D:1      | 609 ||| READING 2 scrolls labelled ENAREGGIHIPS.
   610 | D:1      | 610 ||| DRINKING 2 metallic golden potions.
   611 | D:1      | 611 ||| DRINKING 2 murky green potions.
   612 | D:1      | 612 ||| DROPPING scroll of noise.
   613 | D:1      | 613 ||| DROPPING scroll of butterflies.
   614 | D:1      | 614 ||| DROPPING potion of invisibility.
   767 | D:2      | Reached skill level 7 in Ranged Weapons
  1143 | D:2      | Reached XP level 4. HP: 18/25 MP: 6/6
  1292 | D:2      | 1292 ||| READING scroll labelled KUC DOROMUCW.
  1293 | D:2      | 1293 ||| READING scroll labelled DONABR ZISTRUSE.
  1296 | D:2      | 1296 ||| READING 2 scrolls labelled CACLEI PEQIETA.
  1353 | D:3      | Identified the +5 ring mail of the Evening Star {rF+ Dex+3
                  | Stlth-}
  1628 | D:3      | Found a faded altar of an unknown god.
  1778 | D:3      | Reached skill level 8 in Ranged Weapons
  1943 | D:3      | 1943 ||| UPGRADING to +0 ring mail.
  1953 | D:3      | 1953 ||| DROPPING +0 leather armour.
  1954 | D:3      | 1954 ||| UPGRADING to +5 ring mail of the Evening Star {rF+
                  | Dex+3 Stlth-}.
  1964 | D:3      | 1964 ||| DROPPING +0 ring mail.
  1965 | D:3      | 1965 ||| READING scroll labelled PIRCHA GATRIDDI.
  1966 | D:3      | 1966 ||| DRINKING 3 amethyst potions.
  1967 | D:3      | 1967 ||| DROPPING 2 potions of brilliance.
  1997 | D:4      | 1997 ||| PLANNING OSSUARY
  1998 | D:4      | 1998 ||| STAIRDANCE
  2000 | D:4      | 2000 ||| STAIRDANCE
  2002 | D:4      | 2002 ||| STAIRDANCE
  2005 | D:4      | 2005 ||| STAIRDANCE
  2007 | D:3      | HP: 3/25 [orc/+0 whip (5)]
  2008 | D:3      | Slain by an orc

Levels and vault maps discovered:
D:1:      elethiomel_arrival_maze, layout_rooms
D:2:      layout_basic, minmay_divided_ellipse
D:3:      layout_loops_ring, hellmonk_ecumenical_altar_pennies_from_heaven
D:4:      layout_cave_pods, nicolae_ossuary_entry_ruins, minmay_misc_feat_rows,
          uniq_menkaure, uniq_ijyb

Skill      XL: |  1  2  3  4 |
---------------+-------------+-----
Ranged Weapons | 6 7 8 |  8.1
Fighting       | |  1.5
Dodging        | |  2.4
Stealth        | |  1.2

Action                     |  1- 3 |  4- 6 || total
---------------------------+-------+-------++-------
   Fire: Shortbow          |   149 |    81 ||   230
    Use: Potion            |     2 |     1 ||     3
         Scroll            |     1 |     4 ||     5
 Armour: Leather armour    |    20 |     8 ||    28
         Ring mail         |       |     7 ||     7
  Dodge: Dodged            |    43 |    28 ||    71

Table legend:
 A = Non-vault XP
 B = Vault XP
 C = Vault XP percentage of total XP
 D = Non-vault monster count
 E = Vault monster count
 F = Vault count percentage of total count
                 A         B        C        D         E       F
            +---------+---------+-------+---------+---------+-------
      Total |     136 |      27 |  16.6 |      60 |      13 |  17.8
            +---------+---------+-------+---------+---------+-------
        D:1 |      47 |       0 |   0.0 |      25 |       0 |   0.0
        D:2 |      33 |      27 |  45.0 |      15 |      13 |  46.4
        D:3 |      56 |       0 |   0.0 |      20 |       0 |   0.0
            +---------+---------+-------+---------+---------+-------
